MID
GREAT LAKES LOONS @ WEST VIRGINIA POWER
08/05/2048
 
TOP OF THE 1ST
Great Lakes Loons batting - Pitching for West Virginia Power : LHP Ben Buerck
Pitching: LHP Ben Buerck
Batting: RHB Ruben Serrata 0-0: Ball
1-0: Foul Ball, location: 2F
1-1: Ball
2-1: Hit by Pitch
Batting: RHB Jason Baldwin 0-0: Ball
1-0: Foul Ball, location: 2F
1-1: Fielders Choice at 2nd, 6-4 (Groundball, 6, EV 102.5 MPH)
Batting: LHB Jesus Ramirez 0-0: Ball
1-0: Called Strike
1-1: Ball
2-1: Fly out, F8 (Line Drive, 8RM, EV 86.9 MPH)
Batting: RHB Steve Clark 0-0: Ball
1-0: Foul Ball, location: 2F
1-1: Ball
2-1: Foul Ball, location: 2F
2-2: Strikes out swinging, 2-3 out at first.
Top of the 1st over - 0 runs, 0 hits, 0 errors, 1 left on base; Great Lakes 0 - West Virginia 0
BOTTOM OF THE 1ST
West Virginia Power batting - Pitching for Great Lakes Loons : LHP Nate Tate
Pitching: LHP Nate Tate
Batting: RHB Melvin Durland 0-0: Foul Ball, location: 2F
0-1: Ball
1-1: Ground out 5-3 (Groundball, 5, EV 82.5 MPH)
Batting: RHB Chris McCoy 0-0: Foul Ball, location: 2F
0-1: Ball
1-1: SINGLE (Groundball, 4M, EV 103.1 MPH) (infield hit)
Batting: RHB Alain Marquet 0-0: Ball
1-0: Grounds into double play, 3-6-3 (Groundball, 3, EV 82.5 MPH)
Bottom of the 1st over - 0 runs, 1 hit, 0 errors, 0 left on base; Great Lakes 0 - West Virginia 0
TOP OF THE 2ND
Great Lakes Loons batting - Pitching for West Virginia Power : LHP Ben Buerck
Batting: SHB Xavier Alaniz 0-0: Called Strike
0-1: Ground out 5-3 (Groundball, 56S, EV 83.8 MPH)
Batting: RHB Eddie Perry 0-0: Ball
1-0: Foul Ball, location: 2F
1-1: Swinging Strike
1-2: Strikes out swinging
Batting: RHB Javier Solis 0-0: Called Strike
0-1: Reached on error, E6 (Groundball, 6, EV 86.2 MPH)
Batting: LHB Jim Jardine 0-0: Called Strike
0-1: Ball
1-1: Swinging Strike
1-2: Ball
2-2: Strikes out looking
Top of the 2nd over - 0 runs, 0 hits, 1 error, 1 left on base; Great Lakes 0 - West Virginia 0
BOTTOM OF THE 2ND
West Virginia Power batting - Pitching for Great Lakes Loons : LHP Nate Tate
Batting: RHB Dave Fredericks 0-0: Called Strike
0-1: Foul Ball, location: 2F
0-2: Foul Ball, location: 2F
0-2: SINGLE (Groundball, 56D, EV 104.4 MPH)
Batting: LHB Joe Wise 0-0: Called Strike
0-1: Fly out, F7 (Flyball, 78M, EV 96.2 MPH)
Batting: RHB Terrence Wilson 0-0: Ball
1-0: Called Strike
1-1: Ball
2-1: Fly out, F9 (Flyball, 9, EV 90.6 MPH)
Batting: RHB Rick Pittman 0-0: Ball
1-0: Called Strike
1-1: Ball
2-1: Called Strike
Dave Fredericks steals 2nd base
2-2: Fly out, F8 (Flyball, 8LD, EV 94.4 MPH)
Bottom of the 2nd over - 0 runs, 1 hit, 0 errors, 1 left on base; Great Lakes 0 - West Virginia 0
TOP OF THE 3RD
Great Lakes Loons batting - Pitching for West Virginia Power : LHP Ben Buerck
Batting: LHB Nate Kee 0-0: Foul Ball, location: 2F
0-1: Ball
1-1: Foul Ball, location: 2F
1-2: Ball
2-2: Ball
3-2: Foul Ball, location: 2F
3-2: Foul Ball, location: 2F
3-2: Strikes out swinging
Batting: RHB Ruben Serrata 0-0: Swinging Strike
0-1: Reached on error, E6 (Groundball, 6, EV 88.1 MPH)
Batting: RHB Jason Baldwin 0-0: Ball
1-0: Swinging Strike
1-1: Swinging Strike
1-2: Ground out 6-3 (Groundball, 6, EV 89.4 MPH)
Ruben Serrata to third
Batting: LHB Jesus Ramirez 0-0: Called Strike
0-1: Ground out 6-3 (Groundball, 6M, EV 87.5 MPH)
Top of the 3rd over - 0 runs, 0 hits, 1 error, 1 left on base; Great Lakes 0 - West Virginia 0
BOTTOM OF THE 3RD
West Virginia Power batting - Pitching for Great Lakes Loons : LHP Nate Tate
Batting: RHB Chris Beckham 0-0: Ball
1-0: Called Strike
1-1: Ball
2-1: SINGLE (Groundball, 6MD, EV 95.0 MPH)
Batting: LHB Brandon Sarni 0-0: Ball
1-0: Ball
2-0: Ball
3-0: Called Strike
3-1: Grounds into double play, 6-4-3 (Groundball, 6, EV 105.0 MPH)
Batting: RHB Melvin Durland 0-0: SINGLE (Groundball, 34D, EV 106.2 MPH)
Batting: RHB Chris McCoy 0-0: Called Strike
Melvin Durland steals 2nd base
0-1: Ground out 6-3 (Groundball, 6, EV 101.9 MPH)
Bottom of the 3rd over - 0 runs, 2 hits, 0 errors, 1 left on base; Great Lakes 0 - West Virginia 0
TOP OF THE 4TH
Great Lakes Loons batting - Pitching for West Virginia Power : LHP Ben Buerck
Batting: RHB Steve Clark 0-0: Called Strike
0-1: Foul Ball, location: 2F
0-2: Foul Ball, location: 2F
0-2: SINGLE (Line Drive, 8LS, EV 105.0 MPH)
Batting: SHB Xavier Alaniz 0-0: Foul Ball, location: 2F
0-1: Ball
1-1: Called Strike
1-2: Ball
2-2: Foul Ball, location: 2F
2-2: Foul Ball, location: 2F
2-2: Strikes out swinging
Batting: RHB Eddie Perry 0-0: Called Strike
0-1: Called Strike
0-2: Ground out 5-3 (Groundball, 56S, EV 69.4 MPH)
Steve Clark to second
Batting: RHB Javier Solis 0-0: Ball
1-0: Ground out 5-3 (Groundball, 56S, EV 76.9 MPH)
Top of the 4th over - 0 runs, 1 hit, 0 errors, 1 left on base; Great Lakes 0 - West Virginia 0
BOTTOM OF THE 4TH
West Virginia Power batting - Pitching for Great Lakes Loons : LHP Nate Tate
Batting: RHB Alain Marquet 0-0: Called Strike
0-1: Swinging Strike
0-2: Ball
1-2: Strikes out swinging
Batting: RHB Dave Fredericks 0-0: Foul Ball, location: 2F
0-1: Ball
1-1: SINGLE (Groundball, 34D, EV 103.1 MPH)
Batting: LHB Joe Wise 0-0: Ball
Dave Fredericks is caught stealing 2nd base 2-6
1-0: Reached on error, E3 (Groundball, 34, EV 108.8 MPH)
Batting: RHB Terrence Wilson 0-0: Ball
1-0: Called Strike
1-1: Swinging Strike
1-2: Ball
2-2: Ground out 6-3 (Groundball, 6S, EV 69.4 MPH)
Bottom of the 4th over - 0 runs, 1 hit, 1 error, 1 left on base; Great Lakes 0 - West Virginia 0
TOP OF THE 5TH
Great Lakes Loons batting - Pitching for West Virginia Power : LHP Ben Buerck
Batting: LHB Jim Jardine 0-0: Ball
1-0: Called Strike
1-1: Called Strike
1-2: Foul Ball, location: 2F
1-2: Strikes out swinging
Batting: LHB Nate Kee 0-0: Ball
1-0: Fly out, F8 (Flyball, 78S, EV 76.9 MPH)
Batting: RHB Ruben Serrata 0-0: Foul Ball, location: 2F
0-1: Ball
1-1: Foul Ball, location: 2F
1-2: Foul Ball, location: 2F
1-2: Strikes out swinging
Top of the 5th over - 0 runs, 0 hits, 0 errors, 0 left on base; Great Lakes 0 - West Virginia 0
BOTTOM OF THE 5TH
West Virginia Power batting - Pitching for Great Lakes Loons : LHP Nate Tate
Batting: RHB Rick Pittman 0-0: Called Strike
0-1: Ball
1-1: Called Strike
1-2: Ball
2-2: Ball
3-2: Strikes out swinging
Batting: RHB Chris Beckham 0-0: Foul Ball, location: 2F
0-1: Ball
1-1: Called Strike
1-2: Foul Ball, location: 2F
1-2: Strikes out looking
Batting: LHB Brandon Sarni 0-0: Ball
1-0: SINGLE (Groundball, 34D, EV 98.1 MPH)
Batting: RHB Melvin Durland 0-0: Ball
1-0: SINGLE (Line Drive, 34D, EV 96.2 MPH)
Brandon Sarni to second
Runner from 2nd tries for 3rd, SAFE, no throw by RF
Batting: RHB Chris McCoy 0-0: Foul Ball, location: 2F
0-1: Ball
Melvin Durland steals 2nd base
1-1: DOUBLE (Line Drive, 78M, EV 108.1 MPH)
Brandon Sarni scores
Melvin Durland scores
Batting: RHB Alain Marquet 0-0: Called Strike
0-1: Ball
1-1: Swinging Strike
1-2: Ball
2-2: Ball
3-2: Fly out, F8 (Flyball, 78D, EV 88.8 MPH)
Bottom of the 5th over - 2 runs, 3 hits, 0 errors, 1 left on base; Great Lakes 0 - West Virginia 2
TOP OF THE 6TH
Great Lakes Loons batting - Pitching for West Virginia Power : LHP Ben Buerck
Batting: RHB Jason Baldwin 0-0: Ball
1-0: Foul Ball, location: 2F
1-1: Ball
2-1: Swinging Strike
2-2: Foul Ball, location: 2F
2-2: Foul Ball, location: 2F
2-2: Foul Ball, location: 2F
2-2: Foul Ball, location: 2F
2-2: Strikes out swinging
Batting: LHB Jesus Ramirez 0-0: Ball
1-0: Ball
2-0: Ball
3-0: Base on Balls
Batting: RHB Steve Clark 0-0: Ball
1-0: Called Strike
1-1: Fly out, F8 (Flyball, 8RM, EV 95.6 MPH)
Batting: SHB Xavier Alaniz 0-0: Swinging Strike
0-1: Ball
1-1: Foul Ball, location: 2F
1-2: Foul Ball, location: 2F
1-2: Ball
2-2: Foul Ball, location: 2F
2-2: Ball
3-2: Foul Ball, location: 2F
3-2: DOUBLE (Groundball, 5L, EV 110.6 MPH)
Jesus Ramirez to third
Jesus Ramirez scores
Pitching: RHP Kevin Beury
Batting: RHB Eddie Perry 0-0: Foul Ball, location: 2F
0-1: Ball
1-1: Ball
Passed Ball!
Xavier Alaniz to third
2-1: Called Strike
2-2: Foul Ball, location: 2F
2-2: Strikes out swinging
Top of the 6th over - 1 run, 1 hit, 0 errors, 1 left on base; Great Lakes 1 - West Virginia 2
BOTTOM OF THE 6TH
West Virginia Power batting - Pitching for Great Lakes Loons : LHP Nate Tate
Batting: RHB Dave Fredericks 0-0: Called Strike
0-1: Ball
1-1: Ball
2-1: Foul Ball, location: 2F
2-2: Strikes out looking
Batting: LHB Joe Wise 0-0: Ball
1-0: Called Strike
1-1: Ball
2-1: Ground out 4-3 (Groundball, 4, EV 80.0 MPH)
Batting: RHB Terrence Wilson 0-0: Ground out 6-3 (Groundball, 56, EV 86.2 MPH)
Bottom of the 6th over - 0 runs, 0 hits, 0 errors, 0 left on base; Great Lakes 1 - West Virginia 2
TOP OF THE 7TH
Great Lakes Loons batting - Pitching for West Virginia Power : RHP Kevin Beury
Batting: RHB Javier Solis 0-0: Ball
1-0: Called Strike
1-1: Foul Ball, location: 2F
1-2: Ball
2-2: Strikes out swinging
Batting: LHB Jim Jardine 0-0: Ball
1-0: Called Strike
1-1: Ball
2-1: Ball
3-1: Called Strike
3-2: Fly out, F8 (Flyball, 8RM, EV 89.4 MPH)
Batting: LHB Nate Kee 0-0: Called Strike
0-1: Ball
1-1: Foul Ball, location: 2F
1-2: Fly out, F7 (Flyball, 78S, EV 91.2 MPH)
Top of the 7th over - 0 runs, 0 hits, 0 errors, 0 left on base; Great Lakes 1 - West Virginia 2
BOTTOM OF THE 7TH
West Virginia Power batting - Pitching for Great Lakes Loons : LHP Nate Tate
Batting: RHB Rick Pittman 0-0: Called Strike
0-1: Ball
1-1: Ball
2-1: Foul Ball, location: 2F
2-2: SINGLE (Groundball, 34D, EV 98.1 MPH)
Batting: RHB Chris Beckham 0-0: Bunt missed!
0-1: Bunt missed!
0-2: Ball
Wild Pitch!
Rick Pittman to second
1-2: SINGLE (Groundball, 6, EV 100.0 MPH)
Rick Pittman to third
Runner from 3rd tries for Home, SAFE, throw by CF to home
Chris Beckham to second
Batting: LHB Brandon Sarni 0-0: Called Strike
0-1: Ball
1-1: Foul Ball, location: 2F
1-2: Ground out 4-3 (Groundball, 4, EV 85.6 MPH)
Chris Beckham to third
Batting: RHB Melvin Durland 0-0: Intentional Walk
Batting: RHB Chris McCoy 0-0: Called Strike
0-1: Ball
1-1: Ball
Wild Pitch!
Chris Beckham scores
Melvin Durland to second
2-1: Swinging Strike
2-2: Ground out 6-3 (Groundball, 6, EV 105.6 MPH)
Batting: RHB Alain Marquet 0-0: Ball
1-0: Ball
2-0: Ball
3-0: Base on Balls
Batting: RHB Dave Fredericks 0-0: Swinging Strike
0-1: Ball
1-1: Ball
2-1: Fly out, F8 (Flyball, 8LM, EV 77.5 MPH)
Bottom of the 7th over - 2 runs, 2 hits, 0 errors, 2 left on base; Great Lakes 1 - West Virginia 4
TOP OF THE 8TH
Great Lakes Loons batting - Pitching for West Virginia Power : RHP Kevin Beury
Batting: RHB Ruben Serrata 0-0: Ball
1-0: Foul Ball, location: 2F
1-1: Ball
2-1: Ball
3-1: Base on Balls
Batting: RHB Jason Baldwin 0-0: Called Strike
0-1: Ball
1-1: Ground out 6-3 (Groundball, 6S, EV 68.8 MPH)
Ruben Serrata to second
Batting: LHB Jesus Ramirez 0-0: Ball
1-0: Foul Ball, location: 2F
1-1: Called Strike
1-2: Foul Ball, location: 2F
1-2: SINGLE (Line Drive, 78M, EV 102.5 MPH)
Ruben Serrata to third
Runner from 3rd tries for Home, SAFE, throw by CF to home
Batting: RHB Steve Clark 0-0: Ball
1-0: Called Strike
1-1: Foul Ball, location: 2F
1-2: Fielders Choice at 2nd, 6-4 (Groundball, 6M, EV 97.5 MPH)
Batting: SHB Xavier Alaniz 0-0: Ball
1-0: Ground out 1-3 (Groundball, 13, EV 66.2 MPH)
Top of the 8th over - 1 run, 1 hit, 0 errors, 1 left on base; Great Lakes 2 - West Virginia 4
BOTTOM OF THE 8TH
West Virginia Power batting - Pitching for Great Lakes Loons : LHP Nate Tate
Pitching: RHP Cameron Williams
Batting: LHB Joe Wise 0-0: Ball
1-0: DOUBLE (Line Drive, 7LS, EV 103.1 MPH)
Batting: RHB Terrence Wilson 0-0: Ground out 5-3 (Groundball, 5, EV 81.2 MPH)
Batting: RHB Rick Pittman 0-0: Intentional Walk
Batting: RHB Chris Beckham 0-0: Ball
1-0: Called Strike
1-1: Fielders Choice at 2nd, 5-4 (Groundball, 5, EV 99.4 MPH)
Joe Wise to third
Batting: LHB Brandon Sarni 0-0: Called Strike
0-1: Ball
1-1: Ground out U3 (Groundball, 3, EV 83.8 MPH)
Bottom of the 8th over - 0 runs, 1 hit, 0 errors, 2 left on base; Great Lakes 2 - West Virginia 4
TOP OF THE 9TH
Great Lakes Loons batting - Pitching for West Virginia Power : RHP Kevin Beury
Pitching: RHP Victor Medina
Now in RF: Tom Tate
Batting: RHB Eddie Perry 0-0: Called Strike
0-1: Called Strike
0-2: Ball
1-2: SINGLE (Groundball, 56D, EV 106.9 MPH)
Pinch Hitting: LHB Tore Bosch 0-0: Ball
1-0: Ball
2-0: Fly out, F7 (Line Drive, 7, EV 84.4 MPH)
Batting: LHB Jim Jardine 0-0: Ball
1-0: Ball
2-0: Grounds into double play, 6-4-3 (Groundball, 6, EV 98.8 MPH)
Top of the 9th over - 0 runs, 1 hit, 0 errors, 0 left on base; Great Lakes 2 - West Virginia 4
Tuesday, March 28th , 2023 - OOTP Baseball 23.10 Build 110